 Dungeon Crawl Stone Soup version 0.19-a0-1068-g99dd0f4 (webtiles) character file.

39 Gagarin the Insei (level 3, -4/18 HPs)
             Began as a Vine Stalker Transmuter on Aug 4, 2016.
             Slain by a centaur (7 damage)
             ... on level 3 of the Dungeon.
             The game lasted 00:04:52 (1767 turns).

Gagarin the Insei (Vine Stalker Transmuter)         Turns: 1767, Time: 00:04:53

Health: -4/18      AC:  2    Str: 12    XL:     3   Next: 47%
Magic:  0/8        EV: 12    Int: 13    God:
Gold:   214        SH:  0    Dex: 15    Spells: 1 memorised, 6 levels left

rFire  . . .     SeeInvis .       - Unarmed
rCold  . . .     Gourm    .     b - +0 robe
rNeg   . . .     Faith    .     (no shield)
rPois  .         Spirit   +     (no helmet)
rElec  .         Dismiss  .     (no cloak)
rCorr  .         Reflect  .     (no gloves)
SustAt .         Harm     .     (no boots)
MR     .....                    (no amulet)
Stlth  +.........               (no ring)
                                (no ring)

@: very slightly contaminated
A: fangs 2, regeneration 1, magic shield, antimagic bite, no device heal 3, rot
immunity
a: no special abilities


You were on level 3 of the Dungeon.
You were very hungry.

You visited 1 branch of the dungeon, and saw 4 of its levels.

You collected 214 gold pieces.

Inventory:

Missiles
 a - 77 arrows
 p - 11 tomahawks (quivered)
Armour
 b - a +0 robe (worn)
 f - a +0 pair of gloves
Jewellery
 r - an uncursed ring of wizardry {unknown}
Scrolls
 e - 3 scrolls of identify {unknown}
 h - a scroll of immolation {unknown}
 j - 6 scrolls of amnesia {unknown}
 m - a scroll of noise {unknown}
 n - 2 scrolls of enchant armour {unknown}
 o - a scroll of teleportation {unknown}
 q - a scroll of random uselessness {unknown}
 s - a scroll of blinking {unknown}
 u - a scroll of remove curse {unknown}
Potions
 i - 2 potions of curing
 k - a potion of magic {unknown}
 l - 2 potions of ambrosia {unknown}
 t - a potion of flight {unknown}
 v - a potion of berserk rage {unknown}
Books
 c - a book of Changes

   Spells                             Type                      Level
   a - Beastly Appendage              Transmutation                1
   b - Sticks to Snakes               Transmutation                2
   c - Spider Form                    Transmutation/Poison         3
   d - Ice Form                       Ice/Transmutation            4
   e - Blade Hands                    Transmutation                5
Comestibles
 d - 3 bread rations
 g - 4 meat rations


   Skills:
 + Level 1.1 Fighting
 + Level 1.8 Dodging
 + Level 3.4 Unarmed Combat
 + Level 2.8 Spellcasting
 + Level 2.4 Transmutations


You had 6 spell levels left.
You knew the following spells:

 Your Spells              Type           Power        Failure   Level  Hunger
a - Beastly Appendage     Tmut           #.....       10%         1    #......


Dungeon Overview and Level Annotations

Branches:
Dungeon (4/15)
 Temple: D:4-7

Altars:

Shops:
D:4 [


Innate Abilities, Weirdness & Mutations

You have extremely sharp teeth.
Your natural rate of healing is unusually fast.
When hurt, damage is shared between your health and your magic reserves.
Your bite disrupts and absorbs the magic of your enemies.
Potions and wands cannot restore your health.
You are immune to rotting.


Message History

v - a murky black potion
Found a scale mail.
You are feeling very hungry.
Found 17 bolts.
A centaur comes into view.
The centaur shouts!
The centaur wields a shortbow.
The centaur shoots an arrow.
The arrow hits you!
Ouch! That really hurt!
You see here an arrow.
You see here an arrow.
Casting: Beastly Appendage
Confirm with . or Enter, or press ? or * to list all spells.
You miscast Beastly Appendage.
You are very lightly contaminated with residual magic.
Your skin glows momentarily.
The centaur unwields an uncursed shortbow.
The centaur hits you. x2
* * * LOW HITPOINT WARNING * * *
It was a potion of curing.
That felt strangely inert.
The centaur hits you!
You die...

.##...##.##.###.#...####.........
.......................+.........
(##......##.###.#...####.........
.##..##..##.# #.##.## ##.......#
..).........###.#### ##.....##
#######.######...# ##...## #.#
##..# ##'## #.# ##.# #.# #.# #@#
#.# #.# #c# ##.## #######.# ...
##...## ........# ##.#. #.....##
.######## #.#.# ##...#.. .# #(. .
##.##.# .# ### ## #.#######.# .#
#......<..# ## ###########


You could see a centaur.

Vanquished Creatures
  A giant gecko (D:2)
  An orc (D:3)
  6 bats
  3 giant cockroaches
  3 hobgoblins
  2 jackals (D:2)
  4 kobolds
  A quokka (D:2)
  2 ball pythons
  2 giant newts
  4 goblins
  5 rats
34 creatures vanquished.

Notes
Turn   | Place    | Note
-------+----------+-------------------------------------------
     0 | D:1      | Gagarin the Vine Stalker Transmuter began the quest for the Orb.
     0 | D:1      | Reached XP level 1. HP: 9/9 MP: 4/4
   174 | D:1      | Reached XP level 2. HP: 14/14 MP: 6/6
   290 | D:1      | Reached skill level 1 in Fighting
   797 | D:2      | Reached XP level 3. HP: 15/18 MP: 6/8
  1183 | D:2      | You fall through a shaft for 2 floors!
  1217 | D:4      | Found Qeotanol's Armour Shoppe.
  1763 | D:3      | Noticed a centaur
  1767 | D:3      | Slain by a centaur

Vault maps used:
D:1:      mushboom_english_gardens, minmay_misc_feat_columns
D:2:      first_bread
D:3:      minmay_wonky_spiral, marbit_many_paths
D:4:      elyvilon_altar_3, gammafunk_temple_overflow_forgotten, serial_shops,
          shop_fountains

Skill      XL: |  1  2 |
---------------+-------+-----
Fighting       | 1 |  1.1
Dodging        | |  1.8
Unarmed Combat | |  3.4
Spellcasting   | |  2.8
Transmutations | |  2.4

Action                   || total
-------------------------++-------
Melee: Unarmed           ||    81
       Bite              ||    19
       Headbutt          ||    12
       Kick              ||     3
       Punch             ||     1
 Cast: Beastly Appendage ||    26
  Use: Potion            ||     1
 Stab: Sleeping          ||     1
  Eat: Chunk             ||     2
Armor: Robe              ||    14
Dodge: Dodged            ||    50
